 Dungeon Crawl Stone Soup version 0.17-a0-1479-g4041c36 (webtiles) character file.

638 ztt the Chopper (level 7, 0/61 HPs)
             Began as a Minotaur Fighter on July 3, 2015.
             Slain by an ogre
             ... wielding a +0 giant spiked club
              (8 damage)
             ... on level 5 of the Dungeon.
             The game lasted 00:05:07 (3304 turns).

ztt the Chopper (Minotaur Fighter)                  Turns: 3304, Time: 00:05:07

Health: 0/61       AC:  9    Str: 28    XL:     7   Next: 25%
Magic:  6/6        EV:  9    Int:  5    God:
Gold:   274        SH: 10    Dex:  9    Spells: 0 memorised, 6 levels left

rFire  . . .     SeeInvis .     a - +0 war axe
rCold  . . .     Clarity  +     b - +0 scale mail
rNeg   . . .     SustAt   .     c - +0 shield
rPois  .         Gourm    .     (helmet restricted)
rElec  .         Spirit   .     (no cloak)
rCorr  .         Warding  .     (no gloves)
rMut   .         Stasis   .     l - +1 pair of boots
MR     .....                    g - amulet of clarity
Stlth  ..........               (no ring)
                                (no ring)

@: mighty, not resistant to hostile enchantments, extremely unstealthy
A: retaliatory headbutt, horns 2
a: no special abilities


You were on level 5 of the Dungeon.
You were hungry.

You visited 2 branches of the dungeon, and saw 6 of its levels.

You collected 274 gold pieces.

Inventory:

Hand weapons
 a - a +0 war axe (weapon)
Armour
 b - a +0 scale mail (worn)
 c - a +0 shield (worn)
 l - a +1 pair of boots (worn)
Jewellery
 g - an amulet of clarity (around neck)
Magical devices
 s - a wand of fireball (5)
Scrolls
 k - a scroll of teleportation
 p - a scroll of remove curse
 t - a scroll of identify
Potions
 f - 2 potions of resistance
 h - a potion of heal wounds {unknown}
 i - 2 potions of magic {unknown}
 j - a potion of cure mutation
 m - 2 potions of curing {unknown}
 r - 2 potions of cancellation
Books
 q - a Young Poisoner's Handbook

   Spells                             Type                      Level
   a - Sting                          Conjuration/Poison           1
   b - Cure Poison                    Poison                       2
   c - Mephitic Cloud                 Conjuration/Poison/Air       3
   d - Olgreb's Toxic Radiance        Poison                       4
   e - Venom Bolt                     Conjuration/Poison           5
Comestibles
 e - 2 bread rations
 n - 14 fruits


   Skills:
 + Level 5.3 Fighting
 * Level 5.7 Axes
 + Level 5.2 Armour
 + Level 2.9 Dodging
 + Level 5.6 Shields


You had 6 spell levels left.
You didn't know any spells.

Dungeon Overview and Level Annotations

Branches:
Dungeon (5/15)             Temple (1/1) D:4

Altars:
Ashenzari
Cheibriados
Dithmenos
Fedhas
Gozag
Makhleb
Qazlal
Ru
Sif Muna
Trog
Vehumet
Xom
Zin
The Shining One


Innate Abilities, Weirdness & Mutations

You reflexively headbutt those who attack you in melee.
You have a pair of horns on your head.


Message History

You feel sick. You block the worker ant's attack.
Drink which item? (? for menu, Esc to quit)
You feel very mighty all of a sudden.
You feel sick.
You are no longer poisoned.
The worker ant barely misses you.
You slash the worker ant!
The worker ant is almost dead.
You block the worker ant's attack.
The worker ant bites you but does no damage.
You barely miss the worker ant.
The worker ant is almost dead.
You block the worker ant's attack.
You hit the worker ant.
You kill the worker ant!
Your shield and scale mail prevent you from hitting the ogre.
The ogre is heavily wounded.
The ogre hits you with a giant spiked club!
You die...

#.#.# ###.......
##+#+####.#.# #.......##
####........†#.# #.##.##.#.
.............#.# #...#...
.............#.# .......#.
.............#+###..#.......
....................##.#....
.....##..###....###.........
... #...O@....# ..##..[.. .
##.####...# ..#...#.. ....
.....+ .......# +###.#
##+### .#...#.# .. ##.##..
#.# .....# .. ... .


You could see an ogre.

Vanquished Creatures
  Grinder (D:5)
  An ogre (D:5)
  2 scorpions (D:5)
  An orc wizard (D:4)
  2 worker ants
  8 adders
  A shadow imp (D:5)
  An ooze (D:4)
  An adder zombie (D:5)
  4 worms
  4 giant geckos
  6 orcs
  A ball python (D:3)
  7 bats
  A hobgoblin (D:4)
  5 jackals
  6 giant cockroaches
  4 giant newts (D:1)
  8 goblins
  9 kobolds
  2 quokkas (D:4)
  8 rats
83 creatures vanquished.

Notes
Turn   | Place    | Note
--------------------------------------------------------------
     0 | D:1      | ztt the Minotaur Fighter began the quest for the Orb.
     0 | D:1      | Reached XP level 1. HP: 19/19 MP: 0/0
   210 | D:1      | Reached skill level 4 in Fighting
   297 | D:1      | Reached XP level 2. HP: 27/27 MP: 1/1
   710 | D:2      | Reached XP level 3. HP: 26/34 MP: 2/2
   725 | D:2      | Found a burning altar of Makhleb.
   731 | D:2      | Found a glowing silver altar of Zin.
   731 | D:2      | Noticed a blizzard demon
   731 | D:2      | Noticed an angel
   986 | D:2      | Reached XP level 4. HP: 36/41 MP: 3/3
  1019 | D:2      | Found a shadowy altar of Dithmenos.
  1060 | D:2      | Found a deep blue altar of Sif Muna.
  1277 | D:3      | Found a glowing golden altar of the Shining One.
  2183 | D:4      | Reached skill level 1 in Dodging
  2247 | D:4      | Found a sacrificial altar of Ru.
  2275 | D:4      | Found a staircase to the Ecumenical Temple.
  2386 | Temple   | Entered the Ecumenical Temple
  2733 | D:4      | Reached XP level 5. HP: 44/47 MP: 4/4
  3009 | D:5      | Entered Level 5 of the Dungeon
  3155 | D:5      | Noticed Grinder
  3162 | D:5      | Paralysed by Grinder for 2 turns
  3167 | D:5      | Killed Grinder
  3167 | D:5      | Reached skill level 5 in Fighting
  3167 | D:5      | Reached skill level 5 in Axes
  3167 | D:5      | Reached skill level 5 in Armour
  3167 | D:5      | Reached skill level 5 in Shields
  3167 | D:5      | Reached XP level 6. HP: 46/56 MP: 5/5
  3231 | D:5      | Noticed an ogre
  3238 | D:5      | Killed an ogre
  3238 | D:5      | Reached XP level 7. HP: 54/61 MP: 6/6
  3289 | D:5      | Noticed an ogre
  3304 | D:5      | Slain by an ogre

Vault maps used:
D:1:      tarquinn_simple_flora_water_b
D:2:      grunt_temple_overflow_order_and_chaos_2, grunt_dithmenos_smoke,
          dk_vineyard_1, led_sif_pool
D:3:      overflow_temple_1_default
D:4:      nicolae_ru_the_path_less_chosen, lemuel_temple_firewalk
D:5:      first_bread, hangedman_decor_clover_reticule, uniq_grinder,
          uniq_edmund
Temple:   minmay_temple_bridge_a_8

Action                   |  1- 3 |  4- 6 |  7- 9 || total
-------------------------+-------+-------+-------++-------
Melee: War axe           |    70 |   142 |    13 ||   225
  Use: Scroll            |     4 |     8 |       ||    12
       Potion            |       |     1 |     1 ||     2
  Eat: Chunk             |       |     7 |       ||     7
